 Dungeon Crawl Stone Soup version 0.28-a0-511-gcc94558de3 (webtiles) character file.

Game seed: 1850776495579249120

1700 Zenkrye the Ducker (level 9, -5/66 HPs)
             Began as a Djinni Fire Elementalist on Sept 21, 2021.
             Was an Initiate of Makhleb.
             Slain by a water moccasin skeleton (6 damage)
             ... on level 5 of the Dungeon.
             The game lasted 00:14:01 (6422 turns).

Zenkrye the Ducker (Djinni Fire Elementalist)       Turns: 6422, Time: 00:14:01

Health: -5/66      AC:  4    Str:  7    XL:     9   Next: 23%
Gold:   190        EV: 19    Int: 20    God:    Makhleb [......] SH:  0 Dex: 14

rFire   + + .      SeeInvis .   k - +1 short sword (elec)
rCold   x . .      Faith    .   (no shield)
rNeg    . . .      Spirit   .   a - +1 robe
rPois   ∞          Reflect  .   (no helmet)
rElec   .          Harm     .   l - +0 cloak
rCorr   .          Rampage  .   (no gloves)
Will    .....                   (boots unavailable)
Stlth   ++........              (no amulet)
HPRegen 0.21/turn               v - +4 ring of evasion
MPRegen 0.00/turn               (no ring)

@: flying, very slightly contaminated
A: sickness immunity, fire resistance 2, cold vulnerability 1, float, innate
caster, hp casting, extra vitality 1
a: Renounce Religion


You were on level 5 of the Dungeon.
You worshipped Makhleb.
Makhleb was noncommittal.
You visited 2 branches of the dungeon, and saw 7 of its levels.

You collected 190 gold pieces.

Inventory:

Hand Weapons
 b - a +1 dagger
 k - a +1 short sword of electrocution (weapon)
Armour
 a - a +1 robe (worn)
 l - a +0 cloak (worn)
Jewellery
 v - a +4 ring of evasion (left hand)
Scrolls
 d - 2 scrolls of torment {unknown}
 e - 3 scrolls of teleportation {@r3}
 f - a scroll of holy word {unknown}
 g - a scroll of immolation {unknown}
 i - 4 scrolls of identify {@r1}
 j - 2 scrolls of magic mapping
 m - a scroll of acquirement {unknown}
 o - a scroll of blinking {unknown}
Potions
 c - a potion of resistance {unknown}
 h - a potion of might {unknown}
 n - a potion of haste {unknown}
 p - 2 potions of lignification {unknown}


   Skills:
 + Level 6.2 Fighting
 + Level 7.4 Dodging
 - Level 1.5 Stealth
 + Level 5.5 Spellcasting


You couldn't memorise any spells.
You knew the following spells:

 Your Spells              Type           Power      Damage    Failure   Level
a - Foxfire               Conj/Fire      100%       2x1d9     1%          1
b - Scorch                Fire           54%        2d7       1%          2
c - Conjure Flame         Conj/Fire      27%        6-21      3%          3
d - Inner Flame           Hex/Fire       27%        N/A       3%          3
e - Flame Wave            Conj/Fire      27%        3d6       12%         4
f - Passwall              Tmut/Erth      22%        N/A       1%          2
n - Animate Dead          Necr           13%        N/A       12%         4
q - Stone Arrow           Conj/Erth      54%        3d10      3%          3
v - Animate Skeleton      Necr           54%        N/A       1%          1
Your spell library was empty.

Dungeon Overview and Level Annotations

Branches:
Dungeon (6/15)             Temple (1/1) D:5

Altars:
Kikubaaqudgha
Makhleb
Sif Muna
Wu Jian
Xom

Shops:
D:1 [   D:5 **=

Annotations:
D:3 1 runed translucent door, Crazy Yiuf


Innate Abilities, Weirdness & Mutations

You are immune to sickness and miasma.
You are immune to poison.
Your flesh is very heat resistant. (rF++)
You are vulnerable to cold. (rC-)
You float through the air rather than walking.
You learn spells naturally, not from books.
Your magical power is your life essence.
You have superior vitality. (+4 HP)


Message History

A wave of flame ripples out!
The flame wave engulfs Duvessa!
Duvessa is burned terribly!
Duvessa is severely wounded. (Press . to intensify the flame waves.) Duvessa hits you with a +0 short sword!
Duvessa completely misses you.
A wave of flame ripples out!
The flame wave engulfs Duvessa.
Duvessa is burned terribly!
Duvessa is severely wounded.
The flame wave engulfs the water moccasin skeleton!
The water moccasin skeleton is lightly damaged.
Duvessa hits you with a +0 short sword.
* * * LOW HITPOINT WARNING * * *
A wave of flame ripples out!
The flame wave engulfs the water moccasin skeleton.
The water moccasin skeleton is moderately damaged.
The flame wave engulfs Duvessa!
Duvessa is burned terribly!
Duvessa is almost dead.
* * * LOW HITPOINT WARNING * * *
You finish channelling waves of flame.
Duvessa barely misses you.
The water moccasin skeleton completely misses you.
Duvessa hits you with a +0 short sword!
* * * LOW HITPOINT WARNING * * *
Okay, then.
Unknown command.
Casting: Flame Wave (dangerous; 12% risk of failure)
Confirm with . or Enter, or press ? or * to list all spells.
Casting: Flame Wave (dangerous; 12% risk of failure)
Press: ? - help, Dir - look around, f - activate A wave of flame ripples out!
The flame wave engulfs the water moccasin skeleton!
The water moccasin skeleton is severely damaged.
The flame wave engulfs Duvessa!
Duvessa is burned terribly!
You kill Duvessa!
Makhleb accepts your kill. (Press . to intensify the flame waves.)
* * * LOW HITPOINT WARNING * * *
The water moccasin skeleton bites you but does no damage.
Without enough magic to sustain them, the waves of flame dissipate.
The water moccasin skeleton bites you.
You die...

#...##
#..............#
#####
#.............##
###÷.........##
##..........##
##...###....## ##
###...## #.)### .#
##...#### #..# .#
##.......###Z)#
.###.......>..#.@#
###..............#
#................#
...##............#
..##.............#
.####.........#..#
## ####....####.#
# ###### #.#
#.####


You could see a water moccasin skeleton.

Vanquished Creatures
  Grinder (D:3)
  A wyvern (D:5)
  Duvessa (D:5)
  A black bear (D:4)
  A sky beast (D:6)
  4 ogres
  A scorpion (D:4)
  Dowan (D:5)
  A centaur zombie (D:5)
  2 orc priests (D:4)
  5 hounds
  A bullfrog skeleton (D:6)
  An iguana (D:5)
  6 orc wizards
  7 adders
  3 dart slugs
  24 orcs
  5 bats
  7 endoplasms
  6 giant cockroaches
  6 goblins
  7 hobgoblins
  3 quokkas
  6 ball pythons
  5 frilled lizards
  8 kobolds
  5 rats
119 creatures vanquished.

Vanquished Creatures (others)
  A bat (D:2)
  204 foxfires
205 creatures vanquished.

Grand Total: 324 creatures vanquished

Notes
Turn   | Place    | Note
-------+----------+-------------------------------------------
     0 | D:1      | Zenkrye the Djinni Fire Elementalist began the quest for
                  | the Orb.
     0 | D:1      | Reached XP level 1. HP: 15/15 MP: 0/0
   181 | D:1      | Found Kutwemid's Antique Armour Emporium.
   307 | D:1      | Reached XP level 2. HP: 14/22 MP: 0/0
   578 | D:1      | Reached skill level 1 in Fighting
   780 | D:1      | Found a faded altar of an unknown god.
   895 | D:1      | Reached XP level 3. HP: 24/27 MP: 0/0
   895 | D:1      | Learned a level 1 spell: Animate Skeleton
  1590 | D:2      | Reached skill level 3 in Dodging
  2004 | D:2      | Reached XP level 4. HP: 28/33 MP: 0/0
  2535 | D:3      | Reached XP level 5. HP: 23/38 MP: 0/0
  2535 | D:3      | Learned a level 2 spell: Passwall
  3210 | D:3      | Found a runed translucent door.
  3211 | D:3      | Noticed Crazy Yiuf
  3287 | D:3      | Noticed Grinder
  3304 | D:3      | Killed Grinder
  3305 | D:3      | Reached skill level 4 in Dodging
  3305 | D:3      | Reached XP level 6. HP: 33/46 MP: 0/0
  3583 | D:3      | Reached XP level 7. HP: 47/50 MP: 0/0
  3583 | D:3      | Learned a level 3 spell: Stone Arrow
  3802 | D:4      | Reached skill level 5 in Dodging
  4175 | D:4      | You are sucked into a shaft and drop 2 floors!
  4507 | D:6      | Reached XP level 8. HP: 43/58 MP: 0/0
  4607 | D:5      | Entered Level 5 of the Dungeon
  4660 | D:5      | Reached skill level 6 in Dodging
  4718 | D:5      | Reached skill level 5 in Fighting
  4739 | D:5      | Found a shimmering altar of Xom.
  4943 | D:5      | Found Vischig's Jewellery Shop.
  5038 | D:5      | Found Ipig's Neck Hole.
  5102 | D:4      | Reached skill level 5 in Spellcasting
  5680 | D:5      | Found a staircase to the Ecumenical Temple.
  5683 | D:5      | Found Cyj Jeng's Elemental Accessories.
  5691 | Temple   | Entered the Ecumenical Temple
  5733 | Temple   | Became a worshipper of Makhleb the Destroyer
  5962 | D:5      | Noticed a wyvern
  5970 | D:5      | Killed a wyvern
  5971 | D:5      | Reached skill level 7 in Dodging
  5971 | D:5      | Reached XP level 9. HP: 24/66 MP: 0/0
  5971 | D:5      | Learned a level 4 spell: Animate Dead
  5976 | D:5      | Noticed Dowan
  6410 | D:5      | Noticed Duvessa
  6412 | D:5      | Killed Dowan
  6421 | D:5      | Killed Duvessa
  6422 | D:5      | Slain by a water moccasin skeleton

Illustrated notes

Levels and vault maps discovered:
D:1:      dpeg_arrival_solitude, layout_loops_ring, serial_shops, shop,
          chequers_ecumenical_altar_simple_redux
D:2:      layout_loops_ring, lemuel_old_faithful
D:3:      layout_basic, minmay_unequal, uniq_grinder, uniq_crazy_yiuf_cottage
D:4:      layout_cave_pools, nicolae_sif_muna_condensation
D:5:      layout_cave_pods, xom_teletrap_fun, minmay_temple_entry_offerings,
          serial_shops, nicolae_shop_crystal, nicolae_elemental_shop,
          nicolae_shop_sticking_my_neck_out, uniq_duvessa
D:6:      layout_loops_ring, lemuel_crystal_altar, trog_butcher_becter,
          mainiacjoe_overflow_alcove_2, dk_rats_in_the_wall
Temple:   regret_index_temple_generic_petals

Skill      XL: |  1  2  3  4  5  6  7  8 |
---------------+-------------------------+-----
Fighting       | 1 2 3 4 6 |  6.2
Dodging        | 3 4 5 7 |  7.4
Spellcasting   | 3 4 5 |  5.5
Stealth        | |  1.5

Action                   |  1- 3 |  4- 6 |  7- 9 || total
-------------------------+-------+-------+-------++-------
 Cast: Foxfire           |    41 |    25 |    61 ||   127
       Scorch            |    19 |    29 |    52 ||   100
       Conjure Flame     |       |     1 |       ||     1
       Flame Wave        |       |       |     4 ||     4
       Stone Arrow       |       |       |     2 ||     2
  Use: Scroll            |       |     5 |       ||     5
Armor: Robe              |     1 |     1 |     3 ||     5
Dodge: Dodged            |     4 |     4 |    13 ||    21

Table legend: (Time is in decaauts)
 A = Elapsed time spent in this place.
 B = Non-inter-level travel time spent in this place.
 C = Inter-level travel time spent in this place.
 D = Time resting spent in this place.
 E = Time spent auto-exploring this place.
 F = Levels seen in this place.
 G = Mean time per level.
                   A        B        C        D        E       F      G
               +--------+--------+--------+--------+--------+-----+--------+
         Total |   6423 |   6183 |    240 |    257 |   5265 |   7 |  917.6 |
       Dungeon |   6357 |   6139 |    218 |    257 |   5230 |   6 | 1059.5 |
        Temple |     65 |     43 |     22 |      0 |     35 |   1 |   65.0 |
               +--------+--------+--------+--------+--------+-----+--------+

Top non-repeatable levels by time:
     D:1: 1535 daAuts
     D:3: 1343 daAuts
     D:4: 1108 daAuts
     D:2: 969 daAuts
     D:5: 968 daAuts
     D:6: 431 daAuts
  Temple: 65 daAuts
